 Dungeon Crawl Stone Soup version 0.31-a0-1338-gb567cfdca4 (webtiles) character file.

Game seed: 16513697193332600161

25 Sabo the Trooper (level 2, 0/24 HPs)
             Began as a Demonspawn Monk on Dec 22, 2023.
             Slain by a worm (9 damage)
             ... on level 2 of the Dungeon.
             The game lasted 00:05:46 (1186 turns).

Sabo the Trooper (Demonspawn Monk)                  Turns: 1186, Time: 00:05:46

Health: 0/24       AC:  4    Str: 11    XL:     2   Next: 82%
Magic:  2/2        EV: 13    Int: 12    God:
Gold:   56         SH:  0    Dex: 21    Spells: 1/1 levels left

rFire   . . .        a - +0 hand axe
rCold   . . .        d - orb {light}
rNeg    . . .        f - +0 leather armour
rPois   .            (no helmet)
rElec   .            (no cloak)
rCorr   .            (no gloves)
SInv    .            i - +0 pair of boots
Will    +....        (no amulet)
Stlth   +            l - +6 ring of dexterity
HPRegen 0.24/turn    m - ring of willpower
MPRegen 0.08/turn

%: no passive effects
@: glowing
A: big brain 1
a: no special abilities


You were on level 2 of the Dungeon.
You visited 1 branch of the dungeon, and saw 2 of its levels.

You collected 56 gold pieces.

Inventory:

Hand Weapons
 a - a +0 hand axe (weapon)
Missiles
 k - 4 poisoned darts
Armour
 d - an orb of light (worn)
 f - a +0 leather armour (worn)
 i - a +0 pair of boots (worn)
Jewellery
 l - a +6 ring of dexterity (left hand)
 m - a ring of willpower (right hand)
 o - a ring of protection from fire
Scrolls
 e - 3 scrolls of teleportation
 g - a scroll of identify {unknown}
 j - a scroll of vulnerability {unknown}
 n - 2 scrolls of revelation {unknown}
Potions
 b - 3 potions of curing {unknown}
 c - a potion of ambrosia
 h - a potion of heal wounds {unknown}
 p - a potion of berserk rage {unknown}


   Skills:
 + Level 3.2 Fighting
 + Level 3.0 Axes
 + Level 1.0 Armour
 + Level 3.0 Dodging


You had one spell level left.
You didn't know any spells.
Your spell library contained the following spells:

 Spells                   Type           Power      Damage    Failure   Level
 Sandblast                Erth           0%         2d4       41%         1
 Passwall                 Alch/Erth      0%         N/A       54%         2
 Stone Arrow              Conj/Erth      0%         3d7       78%         3
 Tukima's Dance           Hex            0%         N/A       78%         3
 Brom's Barrelling Bould  Conj/Erth      0%         2d3       99%         4
 Dimensional Bullseye     Hex/Tloc       0%         N/A       99%         4
 Iskenderun's Mystic Bla  Conj/Tloc      0%         2d3       99%         4


Dungeon Overview and Level Annotations

Branches:
Dungeon (2/15)

Altars:


Innate Abilities, Weirdness & Mutations

You have an unusually large brain. (Int +2)


Message History

Found a trident and a scroll labelled NYMI AKLEESI.
Found a stone staircase leading up.
n - 2 scrolls labelled NYMI AKLEESI (gained 1)
A worm comes into view.
Found an escape hatch in the floor.
A goblin comes into view. It is wielding a +0 dagger.
The goblin shouts!
You slash the worm!
The worm is moderately wounded.
The worm closely misses you.
You hit the worm.
The worm is severely wounded.
You hit the worm but do no damage.
The worm is severely wounded.
The worm barely misses you.
You hit the worm.
The worm is severely wounded.
The worm bites you!
You hit the worm.
The worm is severely wounded.
You hit the worm but do no damage.
The worm is severely wounded.
The worm misses you.
You hit the worm but do no damage.
The worm is severely wounded.
The worm bites you but does no damage.
You hit the worm.
The worm is almost dead.
You hit the worm.
The worm is almost dead.
The worm closely misses you.
You hit the worm but do no damage.
The worm is almost dead.
The worm bites you!
You hit the worm.
The worm is almost dead.
You hit the worm but do no damage.
The worm is almost dead.
The worm bites you!
You die...

..## #....#....
#..###.#####..~
###<.......###~.
##...............
##..........####.. #
#..#........###..# ...
#.#.........#...##
.....##..........)#.####
.>...gw@########....# #
.....#### ###### ....
... .. #


You could see a worm and a goblin.

Vanquished Creatures
  An endoplasm (D:1)
  2 hobgoblins (D:1)
  3 jackals (D:2)
  A quokka (D:1)
  2 ball pythons (D:1)
  3 bats (D:1)
  A frilled lizard (D:1)
  6 goblins
  2 kobolds (D:1)
  3 rats
24 creatures vanquished.

Notes
Turn   | Place    | Note
-------+----------+-------------------------------------------
     0 | D:1      | Sabo the Demonspawn Monk began the quest for the Orb.
     0 | D:1      | Reached XP level 1. HP: 18/18 MP: 1/1
   337 | D:1      | Gained mutation: You have an unusually large brain. (Int
                  | +2) [demonic ancestry]
   337 | D:1      | Reached XP level 2. HP: 17/24 MP: 2/2
  1100 | D:2      | Reached skill level 1 in Armour
  1186 | D:2      | Slain by a worm

Illustrated notes

Levels and vault maps discovered:
D:1:      lordsloth_arrival_two_stooges, layout_basic
D:2:      layout_rooms, serial_rivers, chequers_serial_rivers_micro_e,
          chequers_serial_rivers_large_b, chequers_serial_rivers_micro_a,
          chequers_serial_rivers_room_b, chequers_serial_rivers_micro_b,
          chequers_serial_rivers_large_a

Skill      XL: |  1  2 |
---------------+-------+-----
Dodging        | 3 |  3.0
Armour         | 1 |  1.0
Axes           | 3 |  3.0
Fighting       | |  3.2

Action                     || total
---------------------------++-------
  Melee: Hand axe          ||    51
    Use: Scroll            ||     1
 Armour: Leather armour    ||    30
  Dodge: Dodged            ||    36

Table legend: (Time is in decaauts)
 A = Elapsed time spent in this place.
 B = Non-inter-level travel time spent in this place.
 C = Inter-level travel time spent in this place.
 D = Time resting spent in this place.
 E = Time spent auto-exploring this place.
 F = Levels seen in this place.
 G = Mean time per level.
                   A        B        C        D        E       F      G
               +--------+--------+--------+--------+--------+-----+--------+
         Total |   1193 |   1193 |      0 |     23 |      0 |   2 |  596.5 |
       Dungeon |   1193 |   1193 |      0 |     23 |      0 |   2 |  596.5 |
               +--------+--------+--------+--------+--------+-----+--------+

Top non-repeatable levels by time:
     D:1: 1083 daAuts
     D:2: 110 daAuts
